AoeStats
← TBOMazatzi

African Clearing

504590953Analyzed
3v3 RM · 26d ago on Sep 5, 2026· 40m 39s· 6 players
Game mode
Random Map
Map size
Normal (6 player)
Population
200
Speed
Normal
Resources
Standard
Victory
Conquest
Starting age
Dark Age
Ending age
Imperial Age
RankedLock teamsTeams togetherTeam positionsShared explorationLock speedFull tech treeHidden civsTurbo modeCheats
Victory
Defeat
🇦🇷 Persians · Argentina
1558
+13
🇧🇷 Mongols · Brazil
1554
+13
🇨🇳 Japanese · China
1500
+16
🇲🇽 Spanish · Mexico
1503
-14
🇲🇽 Mongols · Mexico
1493
-14
🇲🇽 Inca · Mexico
1486
-14
天崩地裂
5:20 Loom
12:45 Feudal Age
13:25 Town Watch
16:21 Castle Age
14:08 Double-Bit Axe
15:07 Fletching
17:08 Bodkin Arrow
18:03 Wheelbarrow
21:21 Padded Archer Armor
24:07 Gold Mining
25:26 Bow Saw
29:17 Ballistics
30:22 Horse Collar
34:07 Gold Shaft Mining
37:58 Imperial Age
35:52 Scale Barding Armor
36:06 Bloodlines
37:09 Husbandry
37:45 Hand Cart
37:37 Stone Mining
38:08 Chain Barding Armor
37:55 Cavalier
39:49 Plate Barding Armor
39:52 Stone Shaft Mining
39:37 Heavy Plow
40:17 Savar
41:35 Crop Rotation
带带萌新
2:45 Loom
7:34 Loom
13:04 Feudal Age
17:24 Castle Age
16:38 Fletching
16:39 Double-Bit Axe
17:23 Fletching
19:16 Bodkin Arrow
22:17 Ballistics
29:21 Guard Tower
40:07 Imperial Age
38:41 Yasama
40:45 Padded Archer Armor
GAX | Huns N' Roses
2:54 Loom
14:21 Feudal Age
18:39 Double-Bit Axe
27:24 Castle Age
26:21 Horse Collar
28:49 Bow Saw
32:09 Stone Mining
33:29 Wheelbarrow
32:40 Town Watch
34:15 Gold Mining
41:02 Imperial Age
38:53 Hand Cart
39:27 Stone Shaft Mining
39:16 Fletching
40:16 Ballistics
40:36 Bodkin Arrow
40:54 Heavy Plow
UrielMazatzi
13:02 Feudal Age
18:20 Castle Age
16:16 Double-Bit Axe
16:11 Horse Collar
19:55 Bow Saw
27:54 Stone Mining
35:39 Guard Tower
36:17 Heavy Plow
38:04 Ballistics
37:39 Fletching
40:25 Loom
TBOMazatzi
9:48 Loom
12:45 Feudal Age
17:57 Castle Age
30:44 Double-Bit Axe
33:28 Ballistics
TBO Comico
8:55 Loom
Connection lost

Rejoining the realm…

Still unreachable

The connection could not be restored.

Session expired

The server has moved on; the page needs a fresh start.